 Dungeon Crawl Stone Soup version 0.30.1-4-g462c640d31 (webtiles) character file.

Game seed: 15323023537664945370

80 spardeous the Magician (level 4, 0/31 HPs)
             Began as a Djinni Conjurer on Aug 28, 2023.
             Slain by an orc
             ... wielding a +0 trident
              (1 damage)
             ... on level 4 of the Dungeon.
             The game lasted 00:01:27 (2234 turns).

spardeous the Magician (Djinni Conjurer)            Turns: 2234, Time: 00:01:28

Health: 0/31       AC:  5    Str:  8    XL:     4   Next: 65%
Gold:   211        EV: 15    Int: 19    God:
                   SH:  0    Dex: 12

rFire   + + .        t - +1 hand axe (freeze)
rCold   x . .        (no shield)
rNeg    . . .        h - +0 ring mail {Will+}
rPois   ∞            (no helmet)
rElec   .            (no cloak)
rCorr   .            (no gloves)
SInv    +            (boots unavailable)
Will    +....        (no amulet)
Stlth   +            n - +5 ring of evasion
HPRegen 0.25/turn    p - ring of see invisible
MPRegen 0.00/turn

%: infuse magic (-1 HP)
@: flying, very slightly contaminated
A: sickness immunity, fire resistance 2, cold vulnerability 1, float, innate
caster, HP casting, extra vitality 1
a: no special abilities


You were on level 4 of the Dungeon.
You visited 1 branch of the dungeon, and saw 4 of its levels.

You collected 211 gold pieces.

Inventory:

Hand Weapons
 t - a +1 hand axe of freezing (weapon)
Armour
 a - a +0 robe
 h - a +0 ring mail of willpower (worn)
Jewellery
 n - a +5 ring of evasion (left hand)
 p - a ring of see invisible (right hand)
Scrolls
 c - a scroll of fear {unknown}
 f - a scroll of teleportation {unknown}
 g - 2 scrolls of magic mapping {unknown}
 i - a scroll of enchant armour {unknown}
 l - 2 scrolls of identify {unknown}
 r - a scroll of blinking {unknown}
 s - a scroll of vulnerability {unknown}
Potions
 b - a potion of lignification {unknown}
 d - 2 potions of degeneration {unknown}
 e - 2 potions of curing
 j - a potion of cancellation {unknown}
 k - a potion of berserk rage {unknown}
 m - a potion of flight {unknown}
 o - a potion of magic {unknown}
 q - a potion of brilliance {unknown}
 u - a potion of mutation {unknown}


   Skills:
 - Level 2.1 Dodging
 - Level 1.5 Stealth
 + Level 4.5 Spellcasting


You knew the following spells:

 Your Spells              Type           Power      Damage    Failure   Level
a - Magic Dart            Conj           84%        1d7       6%          1
b - Searing Ray           Conj           42%        2d6       10%         2
c - Dazzling Flash        Conj/Hex       42%        N/A       19%         3
d - Fulminant Prism       Conj/Hex       10%        3d8       52%         4
e - Iskenderun's Mystic   Conj/Tloc      21%        2d6       52%         4
f - Beastly Appendage     Tmut           42%        N/A       6%          1
Your spell library was empty.

Dungeon Overview and Level Annotations

Branches:
Dungeon (4/15)
 Temple: D:4-7

Altars:
Nemelex Xobeh
Qazlal
Xom

Shops:
D:3 !


Innate Abilities, Weirdness & Mutations

You are immune to sickness and miasma.
You are immune to poison.
Your flesh is very heat resistant. (rF++)
You are vulnerable to cold. (rC-)
You float through the air rather than walking.
You learn spells naturally, not from books.
Your magical power is your life essence.
You have superior vitality. (+4 MHP)


Message History

You take 6 damage, and have 2/31 hp.
The orc priest closely misses you.
Unknown command.
Casting: Searing Ray (safe; 11% risk of failure)
Confirm with . or Enter, or press ? or * to list all spells.
You don't have enough health to cast this spell.
Unknown command.
It was a potion of curing.
You feel better. The orc priest closely misses you.
You regained 7 hp, and now have 9/31 hp.
Casting: Searing Ray (safe; 11% risk of failure)
Confirm with . or Enter, or press ? or * to list all spells.
Aiming: Searing Ray (safe; 11% risk of failure)
Press: ? - help, Shift-Dir - straight line, f/p - orc priest
Aim: an orc priest, wielding a +0 flail (heavily wounded, 78% to hit)
The searing ray misses the orc priest.
The searing ray hits the orc!
You kill the orc!
The searing ray hits the orc.
The orc is moderately wounded. (Press . to maintain the ray.)
* * * LOW HITPOINT WARNING * * *
The orc priest hits you with a +0 flail.
* * * LOW HITPOINT WARNING * * *
You take 3 damage, and have 6/31 hp.
Unknown command.
The searing ray hits the orc priest!
You kill the orc priest!
The searing ray hits the orc but does no damage.
The orc is moderately wounded.
* * * LOW HITPOINT WARNING * * *
The orc hits you from afar with a +0 trident.
* * * LOW HITPOINT WARNING * * *
You take 4 damage, and have 2/31 hp.
The searing ray hits the orc.
The orc is almost dead.
* * * LOW HITPOINT WARNING * * *
The orc closely misses you.
You take 1 damage, and have 1/31 hp.
Without enough magic to sustain it, your searing ray dissipates.
The orc hits you from afar with a +0 trident.
You die...

####### #.....##### #
##########.........# #
#...o)@........###.# #
#.#.######.....###.####
# #.## #.....).......
#..# #########.####
#.#.# #.# # o###.# #.#
# .# ## #.# # .< #.# ..
#######.####


You could see an orc.

Vanquished Creatures
  An orc priest (D:4)
  An adder (D:2)
  A worm (D:3)
  A dart slug (D:3)
  3 orcs
  4 ball pythons
  5 bats
  An endoplasm (D:4)
  A giant cockroach (D:2)
  4 goblins
  3 hobgoblins
  2 quokkas (D:3)
  3 kobolds
  4 rats
34 creatures vanquished.

Notes
Turn   | Place    | Note
-------+----------+-------------------------------------------
     0 | D:1      | spardeous the Djinni Conjurer began the quest for the Orb.
     0 | D:1      | spardeous set off with the following spells memorised:
                  | Magic Dart, Searing Ray, Dazzling Flash, Fulminant Prism,
                  | Iskenderun's Mystic Blast.
     0 | D:1      | Reached XP level 1. HP: 15/15 MP: 0/0
   373 | D:1      | Reached XP level 2. HP: 15/21 MP: 0/0
   872 | D:2      | Found a sparkling altar of Nemelex Xobeh.
  1005 | D:2      | Reached XP level 3. HP: 24/25 MP: 0/0
  1005 | D:2      | Learned a level 1 spell: Beastly Appendage
  1178 | D:2      | Found a faded altar of an unknown god.
  1299 | D:2      | Reached skill level 4 in Spellcasting
  1469 | D:3      | Found Tinikife's Distillery.
  1526 | D:3      | Found a stormy altar of Qazlal.
  1538 | D:3      | Found a shimmering altar of Xom.
  2222 | D:4      | Reached XP level 4. HP: 27/31 MP: 0/0
  2234 | D:4      | Slain by an orc

Illustrated notes

Levels and vault maps discovered:
D:1:      onia_arrival_mini_maze_b, layout_basic
D:2:      layout_basic, basic_altar, ebering_ecumenical_altar_rust
D:3:      layout_loops_cross, chequers_temple_overflow_statue_of_worship,
          serial_shops, nicolae_shop_rolling_square
D:4:      layout_loops_ring, minmay_temple_entry_tees, serial_shops,
          nicolae_shop_overgrown_old_shop

Skill      XL: |  1  2  3 |
---------------+----------+-----
Spellcasting   | 4 |  4.5
Dodging        | |  2.1
Stealth        | |  1.5

Action                     |  1- 3 |  4- 6 || total
---------------------------+-------+-------++-------
   Cast: Magic Dart        |    77 |       ||    77
         Searing Ray       |     1 |     1 ||     2
    Use: Potion            |       |     1 ||     1
 Armour: Robe              |     4 |       ||     4
  Dodge: Dodged            |    14 |     3 ||    17
